 Seeded DCSS version 0.29.1-1-gd02db6906a (webtiles) character file.

Game seed: 10786124958312911374 (custom seed)

133 Hubris850 the Ducker (level 5, -1/43 HPs)
             Began as a Gnoll Gladiator on Oct 19, 2022.
             Slain by a gnoll sergeant
             ... wielding a +2 trident of protection
              (5 damage)
             ... on level 2 of the Dungeon.
             The game lasted 00:03:41 (1576 turns).

Hubris850 the Ducker (Gnoll Gladiator)              Turns: 1576, Time: 00:03:41

Health: -1/43      AC:  7    Str: 15    XL:     5   Next: 16%
Magic:  5/7        EV: 14    Int:  8    God:
Gold:   49         SH:  0    Dex: 13    Spells: 6/6 levels left

rFire   . . .      SeeInvis +   x - +14 obsidian axe {vorpal, Mesm Drain Fly SInv}
rCold   + . .      Faith    .   (no shield)
rNeg    . . .      Spirit   .   u - +2 leather armour {rC+}
rPois   .          Reflect  .   c - +0 helmet
rElec   .          Harm     .   (no cloak)
rCorr   .          Rampage  .   (no gloves)
Will    .....                   k - +0 pair of boots
Stlth   +.........              (no amulet)
HPRegen 0.14/turn               (no ring)
MPRegen 0.10/turn               (no ring)

@: flying, mesmerised
A: fangs 1, strong nose, distributed training
a: no special abilities


You were on level 2 of the Dungeon.
You visited 1 branch of the dungeon, and saw 2 of its levels.

You collected 49 gold pieces.

Inventory:

Hand Weapons
 a - a +0 war axe
 x - the +14 obsidian axe (weapon) {vorpal, Mesm Drain Fly SInv}
   (You took it off a gnoll on level 2 of the Dungeon)

   It inflicts extra damage upon your enemies.
   It occasionally summons demons to assist the wielder when it strikes in
   combat.
   Its wielder is mesmerised by any visible foes.
   It cannot be unequipped while any foes are visible.
   SInv:      It lets you see invisible.
   Fly:       It grants you flight.
   Drain:     It drains your maximum health when unequipped.
Missiles
 d - 3 throwing nets (quivered)
 e - a javelin
Armour
 b - a +0 leather armour
 c - a +0 helmet (worn)
 f - a +0 scale mail
 k - a +0 pair of boots (worn)
 u - a +2 leather armour of cold resistance (worn)
Scrolls
 g - a scroll of fear {unknown}
 h - 2 scrolls of poison {unknown}
 j - 4 scrolls of identify {unknown}
 l - a scroll of noise {unknown}
 o - a scroll of summoning {unknown}
 q - a scroll of enchant weapon {unknown}
 s - 2 scrolls of blinking {unknown}
 w - a scroll of vulnerability {unknown}
Potions
 i - a potion of ambrosia {unknown}
 m - 2 potions of curing {unknown}
 n - a potion of invisibility {unknown}
 p - 2 potions of berserk rage {unknown}
 r - 3 potions of lignification {unknown}
 t - a potion of brilliance {unknown}
 v - a potion of resistance {unknown}


   Skills:
 + Level 4.7 Fighting
 + Level 1.4 Short Blades
 + Level 1.4 Long Blades
 + Level 6.7 Axes
 + Level 1.4 Maces & Flails
 + Level 1.4 Polearms
 + Level 1.4 Staves
 + Level 1.4 Ranged Weapons
 + Level 4.7 Throwing
 + Level 1.4 Armour
 + Level 6.7 Dodging
 + Level 1.4 Stealth
 + Level 1.4 Shields
 + Level 1.4 Unarmed Combat
 + Level 1.4 Spellcasting
 + Level 1.1 Conjurations
 + Level 1.1 Hexes
 + Level 1.1 Summonings
 + Level 1.1 Necromancy
 + Level 1.1 Translocations
 + Level 1.1 Transmutations
 + Level 1.1 Fire Magic
 + Level 1.1 Ice Magic
 + Level 1.1 Air Magic
 + Level 1.1 Earth Magic
 + Level 1.1 Poison Magic
 + Level 1.6 Invocations
 + Level 1.4 Evocations


You had 6 spell levels left.
You didn't know any spells.
Your spell library contained the following spells:

 Spells                   Type           Power      Damage    Failure   Level
 Freeze                   Ice            8%         1d3       28%         1
 Frozen Ramparts          Ice            4%         1d1       65%         3
 Hailstorm                Conj/Ice       2%         3d3       96%         4
 Summon Ice Beast         Ice/Summ       2%         N/A       96%         4
 Summon Mana Viper        Hex/Summ       2%         N/A       100%        5
 Monstrous Menagerie      Summ           1%         N/A       100%        7


Dungeon Overview and Level Annotations

Branches:
Dungeon (2/15)

Altars:


Innate Abilities, Weirdness & Mutations

You have very sharp teeth.
Your uncanny sense of smell can sniff out nearby items.
Your experience applies equally to all skills.


Message History

Your soul eater hits the gnoll!!
The gnoll dies!
The gnoll completely misses you.
The gnoll falls through a shaft!
The shaft crumbles and collapses.
You closely miss the gnoll. You bite the gnoll.
The gnoll is almost dead.
The gnoll closely misses you.
The gnoll hits you from afar with a +0 spear. x2
You slice the gnoll!!
You are no longer entranced.
You kill the gnoll!
Visions of slaying the gnoll flood into your mind.
The gnoll hits you from afar with a +0 spear.
Your soul eater barely misses the gnoll.
The gnoll hits you but does no damage. The gnoll barely misses you.
The gnoll hits you with a +0 spear.
Your soul eater hits the gnoll!!
The gnoll dies!
You have reached level 5!
You cannot move away from the gnoll!
Unknown command.
You slash the gnoll!
You break out of your daze!
You kill the gnoll!
Visions of slaying the gnoll sergeant flood into your mind.
The gnoll sergeant hits you from afar with a +2 trident of protection!
* * * LOW HITPOINT WARNING * * *
The gnoll sergeant hits you from afar with a +2 trident of protection.
* * * LOW HITPOINT WARNING * * *
Your soul eater hits the gnoll sergeant!
Found the +3 woodcutter's axe {vorpal}.
The gnoll misses you.
Your soul eater hits the gnoll sergeant!
The gnoll sergeant barely misses your soul eater.
Things that are here:
a +0 spear; a gnoll corpse You barely miss the gnoll.
You hit the gnoll sergeant. The gnoll barely misses you.
The gnoll sergeant blocks your soul eater's attack.
The gnoll sergeant hits you with a +2 trident of protection.
You die...

#
........#####..##
# .#.###### ##..#
### ..# ♣♣♣♣
##.## ..# ..
♣∆..)♣ #..## ..#
## #..♣♣♣ ##..#
).#
...#....♣♣♣##.#
..#####
...#..♣.))♣♣#.#
......#
)..'..g3......#
..##..#
..#.♣g@..♣♣###
.###..## .
#.().♣♣♣ ..#....#
#..♣♣♣ ###....#
∆...♣ # #....##
♣♣♣♣ # #..<..###
###.......#
..........#
.#....#####


You could see a gnoll sergeant (mesmerising, ally target), a gnoll and a
friendly soul eater (summoned).

Vanquished Creatures
  5 gnolls
  A worm (D:2)
  4 dart slugs
  5 endoplasms
  A giant cockroach (D:2)
  5 hobgoblins
  6 kobolds
  2 quokkas
  7 ball pythons
  10 bats
  2 frilled lizards (D:2)
  2 goblins (D:1)
  4 rats (D:1)
54 creatures vanquished.

Vanquished Creatures (collateral kills)
  2 gnolls (D:2)
2 creatures vanquished.

Grand Total: 56 creatures vanquished

Notes
Turn   | Place    | Note
-------+----------+-------------------------------------------
     0 | D:1      | Hubris850 the Gnoll Gladiator began the quest for the Orb.
     0 | D:1      | Reached XP level 1. HP: 20/20 MP: 1/1
   312 | D:1      | Reached XP level 2. HP: 26/26 MP: 2/2
   522 | D:1      | Reached XP level 3. HP: 31/31 MP: 3/3
   531 | D:1      | Reached skill level 1 in Invocations
   590 | D:1      | Reached skill level 1 in Short Blades
   590 | D:1      | Reached skill level 1 in Long Blades
   590 | D:1      | Reached skill level 1 in Maces & Flails
   590 | D:1      | Reached skill level 1 in Polearms
   590 | D:1      | Reached skill level 1 in Staves
   590 | D:1      | Reached skill level 1 in Ranged Weapons
   590 | D:1      | Reached skill level 1 in Armour
   590 | D:1      | Reached skill level 1 in Stealth
   590 | D:1      | Reached skill level 1 in Shields
   590 | D:1      | Reached skill level 1 in Unarmed Combat
   590 | D:1      | Reached skill level 1 in Spellcasting
   590 | D:1      | Reached skill level 1 in Evocations
  1157 | D:2      | Reached XP level 4. HP: 36/38 MP: 5/5
  1454 | D:2      | Reached skill level 1 in Conjurations
  1454 | D:2      | Reached skill level 1 in Hexes
  1454 | D:2      | Reached skill level 1 in Summonings
  1454 | D:2      | Reached skill level 1 in Necromancy
  1454 | D:2      | Reached skill level 1 in Translocations
  1454 | D:2      | Reached skill level 1 in Transmutations
  1454 | D:2      | Reached skill level 1 in Fire Magic
  1454 | D:2      | Reached skill level 1 in Ice Magic
  1454 | D:2      | Reached skill level 1 in Air Magic
  1454 | D:2      | Reached skill level 1 in Earth Magic
  1454 | D:2      | Reached skill level 1 in Poison Magic
  1570 | D:2      | Noticed a gnoll sergeant
  1574 | D:2      | Reached XP level 5. HP: 15/43 MP: 5/7
  1575 | D:2      | Found the +3 woodcutter's axe {vorpal}
  1576 | D:2      | Slain by a gnoll sergeant

Illustrated notes

Levels and vault maps discovered:
D:1:      shiori_arrival_elements, layout_basic
D:2:      wander_river, layout_basic, pf_guarded_unrand_woodcutter,
          uniq_sigmund, uniq_terence

Skill      XL: |  1  2  3  4 |
---------------+-------------+-----
Invocations    | 1 |  1.6
Short Blades   | 1 |  1.4
Long Blades    | 1 |  1.4
Maces & Flails | 1 |  1.4
Polearms       | 1 |  1.4
Staves         | 1 |  1.4
Ranged Weapons | 1 |  1.4
Armour         | 1 |  1.4
Stealth        | 1 |  1.4
Shields        | 1 |  1.4
Unarmed Combat | 1 |  1.4
Spellcasting   | 1 |  1.4
Evocations     | 1 |  1.4
Conjurations   | 1 |  1.1
Hexes          | 1 |  1.1
Summonings     | 1 |  1.1
Necromancy     | 1 |  1.1
Translocations | 1 |  1.1
Transmutations | 1 |  1.1
Fire Magic     | 1 |  1.1
Ice Magic      | 1 |  1.1
Air Magic      | 1 |  1.1
Earth Magic    | 1 |  1.1
Poison Magic   | 1 |  1.1
Fighting       | |  4.7
Axes           | |  6.7
Throwing       | |  4.7
Dodging        | |  6.7

Action                   |  1- 3 |  4- 6 || total
-------------------------+-------+-------++-------
Melee: War axe           |    80 |    31 ||   111
       Bite              |     2 |     2 ||     4
       Broad axe         |       |     6 ||     6
Throw: Throwing net      |       |     1 ||     1
 Stab: Sleeping          |       |     1 ||     1
Armor: Scale mail        |    33 |     2 ||    35
       Leather armour    |       |    14 ||    14
Dodge: Dodged            |    55 |    31 ||    86
